 Dungeon Crawl Stone Soup version 0.26-a0-27-g1f0226971c (webtiles) character file.

Game seed: 9702291567972014988, levelgen mode: deterministic

1159 Dirian the Carver (level 8, -1/68 HPs)
             Began as a Minotaur Fighter on May 27, 2020.
             Was a Follower of Nemelex Xobeh.
             Slain by a small abomination (14 damage)
             ... on level 4 of the Dungeon.
             The game lasted 00:11:18 (5299 turns).

Dirian the Carver (Minotaur Fighter)                Turns: 5299, Time: 00:11:21

Health: -1/68      AC: 11    Str: 23    XL:     8   Next: 16%
Magic:  8/8        EV:  6    Int:  5    God:    Nemelex Xobeh [*.....]
Gold:   334        SH: 11    Dex: 10    Spells: 7/7 levels left

rFire    . . .     SeeInvis .   a - +0 long sword
rCold    . . .     Gourm    .   c - +1 kite shield
rNeg     + . .     Faith    .   A - +0 chain mail
rPois    .         Spirit   .   (helmet restricted)
rElec    .         Reflect  .   (no cloak)
rCorr    .         Harm     .   q - +0 pair of gloves
MR       .....                  (no boots)
Stlth    ..........             (no amulet)
HPRegen  0.21/turn              k - ring of positive energy
MPRegen  0.11/turn              y - ring of flight

@: no status effects
A: retaliatory headbutt, horns 2
a: Draw Escape, Draw Destruction, Draw Summoning, Renounce Religion, Evoke
Flight


You were on level 4 of the Dungeon.
You worshipped Nemelex Xobeh.
Nemelex Xobeh was aware of your devotion.
You were hungry.

You visited 1 branch of the dungeon, and saw 4 of its levels.
You also visited: Sewer.

You collected 334 gold pieces.

Inventory:

Hand Weapons
 a - a +0 long sword (weapon)
Armour
 c - a +1 kite shield (worn)
 q - a +0 pair of gloves (worn)
 A - a +0 chain mail (worn)
Jewellery
 k - a ring of positive energy (left hand)
 y - a ring of flight (right hand)
Wands
 s - a wand of disintegration (9)
Scrolls
 e - 2 scrolls of identify
 h - a scroll of enchant armour
 i - 3 scrolls of fear
 m - 4 scrolls of remove curse
 u - 4 scrolls of teleportation
 v - a scroll of magic mapping
 w - 2 scrolls of fog
Potions
 d - a potion of magic
 g - 3 potions of heal wounds
 j - 5 potions of curing
 l - 2 potions of invisibility {unknown}
 x - 3 potions of might
Comestibles
 b - 2 chunks of flesh
 f - 10 rations


   Skills:
 + Level 5.2 Fighting
 * Level 9.0 Long Blades
 - Level 5.4 Armour
 - Level 5.6 Shields
 * Level 2.3 Invocations


You had 7 spell levels left.
You didn't know any spells.
Your spell library was empty.

Dungeon Overview and Level Annotations

Branches:
Dungeon (4/15)              Sewer (visited)
 Temple: D:4-7

Altars:
Elyvilon
Gozag
Makhleb
Nemelex Xobeh
Uskayaw
Zin
The Shining One

Annotations:
D:4 1 transporter, Qupu's ghost, amateur NaWr


Innate Abilities, Weirdness & Mutations

You reflexively headbutt those who attack you in melee.
You have a pair of horns on your head.


Message History

Qupu's ghost blinks!
Qupu's ghost enters a dispersal trap!
The small abomination blinks!
You blink.
You enter a dispersal trap!
The small abomination blinks!
Qupu's ghost blinks!
You blink. x2
The small abomination blinks!
You see here 7 gold pieces.
You now have 334 gold pieces (gained 7).
The small abomination enters a dispersal trap!
Qupu's ghost blinks!
You blink.
The small abomination blinks!
You see here 4 boomerangs of dispersal.
You hit the small abomination but do no damage.
Your headbutt misses the small abomination.
The small abomination is severely damaged.
You block the small abomination's attack.
You closely miss the small abomination.
The small abomination is severely damaged.
The small abomination hits you!
* * * LOW HITPOINT WARNING * * *
The small abomination hits you!
You die...
Your body disappears without a glow.

#.#x.K..##.## #x#.......###..
#.##.##..### #.##.######.#...
#..##### ... # #..# ##....
##.....#####.###.## ##..)
##......#.##.#...# ##..
##!.###..##...#...# ##.
#..##©##..#x#.##..# ##
#.##...#.##.##x##.### #
#.##.#####.#.@..#...# #
#..##.#...#...#.##..# #
##..#(##..#^#..^.#©.# ####
#..#...##^..###.#..# #...
##.##.####.##.###..#######.##
#..###..###.................
##.......©..#.#.#########.#.
##.#.####.##.#.# #.#.
#...####......# ######.#.


You could see a small abomination.

Vanquished Creatures
  Sigmund (D:3)
  2 phantoms (D:4)
  An ogre (D:4)
  2 bullfrogs (Sewer)
  A howler monkey (D:4)
  A centaur skeleton (D:4)
  2 orc wizards (D:4)
  An iguana (D:4)
  Terence (D:2)
  4 worker ants
  11 adders
  4 gnolls
  4 river rats (Sewer)
  3 oozes
  6 worms
  2 dart slugs
  4 leopard geckos
  6 orcs
  8 giant cockroaches
  7 goblins
  13 hobgoblins
  7 jackals
  4 quokkas
  12 ball pythons
  8 bats
  11 frilled lizards
  10 kobolds
  A leopard gecko skeleton (D:4)
  32 rats
169 creatures vanquished.

Notes
Turn   | Place    | Note
-------+----------+-------------------------------------------
     0 | D:1      | Dirian the Minotaur Fighter began the quest for the Orb.
     0 | D:1      | Reached XP level 1. HP: 19/19 MP: 0/0
   156 | D:1      | Reached XP level 2. HP: 23/27 MP: 1/1
   459 | D:1      | Reached skill level 3 in Long Blades
   529 | D:1      | Reached XP level 3. HP: 19/33 MP: 2/2
  1213 | D:2      | Noticed Terence
  1230 | D:2      | Killed Terence
  1230 | D:2      | Reached skill level 4 in Long Blades
  1230 | D:2      | Reached XP level 4. HP: 40/40 MP: 3/3
  2147 | D:3      | Noticed Sigmund
  2155 | D:3      | Killed Sigmund
  2155 | D:3      | Reached skill level 5 in Long Blades
  2155 | D:3      | Reached XP level 5. HP: 29/47 MP: 4/4
  2155 | D:3      | Reached XP level 6. HP: 33/53 MP: 5/5
  2378 | D:3      | Found a hide-covered altar of Uskayaw.
  2378 | D:3      | Found a white marble altar of Elyvilon.
  2411 | D:3      | Reached skill level 6 in Long Blades
  2568 | D:3      | Found a glowing drain.
  2609 | Sewer    | Entered a sewer
  2668 | Sewer    | Reached skill level 5 in Shields
  3001 | Sewer    | Reached skill level 5 in Armour
  3200 | Sewer    | Reached XP level 7. HP: 7/60 MP: 6/6
  3207 | Sewer    | Reached skill level 7 in Long Blades
  4036 | D:3      | Found a faded altar of an unknown god.
  4038 | D:3      | Found a burning altar of Makhleb.
  4040 | D:3      | Found a glowing golden altar of the Shining One.
  4045 | D:3      | Became a worshipper of Nemelex Xobeh the Trickster
  4045 | D:3      | Received a gift from Nemelex Xobeh
  4045 | D:3      | Reached * piety under Nemelex Xobeh
  4207 | D:4      | Reached skill level 1 in Invocations
  4598 | D:4      | Reached skill level 5 in Fighting
  4610 | D:4      | Reached skill level 8 in Long Blades
  4781 | D:4      | Found a transporter.
  4790 | D:4      | Identified the cursed +1 whip of Puagaris {distort, +Blink
                  | rElec rPois Dex+4}
  4791 | D:4      | Found a transporter.
  4817 | D:4      | Reached XP level 8. HP: 63/68 MP: 8/8
  4863 | D:4      | Received a gift from Nemelex Xobeh
  4913 | D:4      | Noticed Qupu's ghost (amateur NaWr)
  5023 | D:4      | Found an opulent altar of Gozag.
  5027 | D:4      | Found a glowing silver altar of Zin.
  5159 | D:4      | Reached skill level 9 in Long Blades
  5299 | D:4      | Slain by a small abomination

Illustrated notes

Levels and vault maps discovered:
D:1:      dpeg_arrival_arbitrary_b, layout_rooms, dk_noncrumbling_2,
          minmay_lizard_pond
D:2:      minmay_angry_zag, layout_basic, uniq_terence
D:3:      layout_loops_cross, chequers_temple_overflow_minitemple, first_ration,
          cheibrodos_sewer_entry_bend, uniq_sigmund
D:4:      minmay_bubble_buster, layout_loops_ring,
          grunt_temple_overflow_gold_and_silver, gammafunk_ghost_abyssal_escape

Skill      XL: |  1  2  3  4  5  6  7  8 |
---------------+-------------------------+-----
Shields        | 4 5 |  5.6
Long Blades    | 3 4 5 6 8 9 |  9.0
Fighting       | 4 5 |  5.2
Armour         | 4 5 |  5.4
Invocations    | 2 |  2.3

Action                   |  1- 3 |  4- 6 |  7- 9 || total
-------------------------+-------+-------+-------++-------
Melee: Long sword        |    90 |   234 |   122 ||   446
       Headbutt          |    17 |    32 |    20 ||    69
Invok: Draw Destruction  |       |       |     1 ||     1
  Use: Potion            |       |     7 |     1 ||     8
       Scroll            |       |       |    13 ||    13
  Eat: Chunk             |       |     8 |     3 ||    11
       Ration            |       |       |     1 ||     1
Armor: Scale mail        |    48 |   167 |     7 ||   222
       Chain mail        |       |       |    30 ||    30
Dodge: Dodged            |    41 |    98 |    19 ||   158
Block: Kite shield       |    62 |   190 |    60 ||   312
       Rpst.: Long sword |    12 |    30 |     5 ||    47

Table legend:
 A = Non-vault XP
 B = Vault XP
 C = Vault XP percentage of total XP
 D = Non-vault monster count
 E = Vault monster count
 F = Vault count percentage of total count
                 A         B        C        D         E       F
            +---------+---------+-------+---------+---------+-------
      Total |     672 |     984 |  59.4 |      95 |      74 |  43.8
            +---------+---------+-------+---------+---------+-------
        D:1 |      64 |       5 |   7.2 |      30 |       5 |  14.3
        D:2 |      57 |      48 |  45.7 |      29 |       6 |  17.1
        D:3 |     114 |     223 |  66.2 |      23 |       4 |  14.8
        D:4 |     437 |     321 |  42.3 |      13 |      11 |  45.8
      Sewer |       0 |     387 | 100.0 |       0 |      48 | 100.0
            +---------+---------+-------+---------+---------+-------
